AoeStats
← RAULDEATH666

Arabia

503526331Analyzed
1v1 RM · 2mo ago on Sep 1, 2026· 52m 28s· 2 players
Game mode
Random Map
Map size
Tiny (2 player)
Population
200
Speed
Normal
Resources
Standard
Victory
Conquest
Starting age
Dark Age
Ending age
Imperial Age
RankedLock teamsTeams togetherTeam positionsShared explorationLock speedFull tech treeHidden civsTurbo modeCheats
Victory
Defeat
🇺🇸 Lithuanians · United States
477
+17
vs
🇺🇸 Franks · United States
497
-17
RAULDEATH666
10:55 Feudal Age
12:29 Double-Bit Axe
13:38 Wheelbarrow
12:49 Loom
15:49 Scale Barding Armor
15:55 Forging
16:41 Horse Collar
19:53 Bloodlines
25:03 Castle Age
27:24 Bow Saw
27:18 Heavy Plow
27:36 Husbandry
31:25 Padded Archer Armor
31:35 Stone Mining
31:35 Gold Mining
31:45 Gold Mining
40:12 Imperial Age
38:53 Leather Archer Armor
38:29 Fletching
39:00 Chain Barding Armor
39:16 Iron Casting
41:26 Cavalier
44:10 Heavy Cavalry Archer
51:51 Paladin
Beats by Adam
3:55 Loom
10:55 Feudal Age
20:04 Castle Age
20:52 Double-Bit Axe
29:04 Pikeman
32:22 Gold Mining
34:13 Husbandry
37:11 Stone Mining
38:19 Elite Skirmisher
40:28 Forging
40:24 Scale Barding Armor
45:14 Imperial Age
45:25 Halberdier
48:41 Town Watch
51:18 Town Patrol
Connection lost

Rejoining the realm…

Still unreachable

The connection could not be restored.

Session expired

The server has moved on; the page needs a fresh start.